 Dungeon Crawl Stone Soup version 0.27.1-1-g398f81649c (webtiles) character file.

Game seed: 5033948048957661656

336 speeev33 the Skirmisher (level 6, 0/56 HPs)
             Began as a Hill Orc Fighter on Sept 17, 2021.
             Slain by a kobold (1 damage)
             ... on level 4 of the Dungeon.
             The game lasted 00:04:20 (3546 turns).

speeev33 the Skirmisher (Hill Orc Fighter)          Turns: 3546, Time: 00:04:20

Health: 0/56       AC: 12    Str: 27    XL:     6   Next: 54%
Magic:  6/6        EV:  5    Int:  8    God:
Gold:   154        SH: 15    Dex: 10    Spells: 5/5 levels left

rFire    . . .     SeeInvis .   a - +1 war axe
rCold    . . .     Faith    .   c - +0 kite shield
rNeg     . . .     Spirit   .   j - +0 plate armour
rPois    .         Reflect  +   (no helmet)
rElec    .         Harm     .   (no cloak)
rCorr    .         Rampage  .   (no gloves)
Will     .....                  (no boots)
Stlth    ..........             h - amulet of reflection
HPRegen  0.18/turn              g - +6 ring of strength
MPRegen  0.10/turn              (no ring)

@: mighty
A: no striking features
a: no special abilities


You were on level 4 of the Dungeon.
You visited 1 branch of the dungeon, and saw 4 of its levels.

You collected 154 gold pieces.

Inventory:

Hand Weapons
 a - a +1 war axe (weapon)
Armour
 c - a +0 kite shield (worn)
 j - a +0 plate armour (worn)
Jewellery
 g - a +6 ring of strength (left hand)
 h - an amulet of reflection (around neck)
Potions
 b - a potion of cancellation
 e - a potion of attraction {unknown}
 f - a potion of invisibility
 i - a potion of curing
 k - a potion of mutation
 l - a potion of lignification {unknown}


   Skills:
 + Level 5.3 Fighting
 + Level 4.9 Axes
 + Level 4.8 Armour
 + Level 4.8 Shields


You had 5 spell levels left.
You didn't know any spells.
Your spell library contained the following spells:

 Spells                   Type           Power      Damage    Failure   Level
 Animate Skeleton         Necr           0%         N/A       100%        1
 Apportation              Tloc           0%         N/A       100%        1
 Corona                   Hex            0%         N/A       100%        1
 Magic Dart               Conj           0%         1d3       100%        1
 Summon Small Mammal      Summ           0%         N/A       100%        1
 Searing Ray              Conj           0%         3d3       100%        2
 Fulminant Prism          Conj/Hex       0%         3d6       100%        4


Dungeon Overview and Level Annotations

Branches:
Dungeon (4/15)
 Temple: D:4-7

Altars:
Cheibriados
Dithmenos

Annotations:
D:4 Edmund


Message History

Edmund barely misses you.
You closely miss Edmund.
Edmund is heavily wounded.
You block the gnoll's attack.
Edmund hits you with a +5 flail of distortion.
Space bends around you.
* * * LOW HITPOINT WARNING * * *
You hit Edmund.
Edmund is severely wounded.
You block the gnoll's attack. Edmund completely misses you.
The gnoll hits you from afar with a +0 spear.
* * * LOW HITPOINT WARNING * * *
You block Edmund's attack.
You slash Edmund!
Edmund is almost dead.
You block the gnoll's attack.
Edmund hits you with a +5 flail of distortion.
* * * LOW HITPOINT WARNING * * *
You blink.
You block the kobold's attack.
You closely miss the kobold. You block the gnoll's attack.
You block the kobold's attack.
The gnoll hits you from afar with a +0 spear!
* * * LOW HITPOINT WARNING * * *
You block the kobold's attack.
You closely miss the kobold. You block the gnoll's attack.
The kobold hits you but does no damage.
Your shield prevents you from hitting the kobold.
You block the gnoll's attack. You block the kobold's attack.
The gnoll hits you but does no damage.
Edmund says, "A flail is better than a scythe, any day of the week!"
The kobold hits you but does no damage.
Your shield and plate armour prevent you from hitting the kobold.
You block the gnoll's attack. The kobold hits you but does no damage.
You miss the kobold. You block the gnoll's attack.
You block the kobold's attack. The gnoll hits you but does no damage.
You miss the kobold. You block the kobold's attack.
The gnoll hits you from afar with a +0 spear.
* * * LOW HITPOINT WARNING * * *
The kobold hits you with a +0 short sword.
You die...

......................>#
............##.####.#..#
#.#.............#......#
####.#.##.#....#...#.#....#
...#.#.#...###.#...#.#....#
.#.#.#.#.....#@#####.#..#.#
.#.#.#.#.....#5g# #.#....#
.....#.#.#...##K## #.....###
...#.#.).....##.@###.......#
.<.#.###.....###.#.@.g...#.#
.###...##....# #...#.#.#.#.# #
#..###)).....# ##..#.#.### ..#
#..# #..#..........#.#...###.#
........###..####..#.#.#5#...##
.#.###... ..# ##.....#K#....#
.. ..##. .... #.###.#.').[.# ..
##.# .# ##.. #.. #.###g...#


You could see Edmund, a gnoll, a white imp and a kobold.

Vanquished Creatures
  A phantom (D:4)
  A scorpion (D:3)
  An iguana (D:3)
  An orc wizard (D:4)
  An adder (D:3)
  5 gnolls
  3 worms
  A dart slug (D:1)
  2 orcs (D:4)
  12 ball pythons
  3 bats
  9 endoplasms
  5 giant cockroaches
  6 goblins
  7 hobgoblins
  A jackal (D:3)
  5 kobolds
  3 quokkas
  7 frilled lizards
  6 rats
80 creatures vanquished.

Notes
Turn   | Place    | Note
-------+----------+-------------------------------------------
     0 | D:1      | speeev33 the Hill Orc Fighter began the quest for the Orb.
     0 | D:1      | Reached XP level 1. HP: 19/19 MP: 1/1
   164 | D:1      | Reached XP level 2. HP: 24/27 MP: 2/2
   816 | D:1      | Reached skill level 4 in Fighting
   863 | D:1      | Reached XP level 3. HP: 33/33 MP: 3/3
  1465 | D:2      | HP: 1/33 [gnoll (6)]
  1661 | D:2      | Reached XP level 4. HP: 28/41 MP: 4/4
  2718 | D:3      | Found a shadowy altar of Dithmenos.
  2757 | D:3      | Reached XP level 5. HP: 46/47 MP: 5/5
  2942 | D:3      | Found a snail-covered altar of Cheibriados.
  3431 | D:4      | Reached skill level 5 in Fighting
  3440 | D:4      | Reached XP level 6. HP: 51/56 MP: 6/6
  3512 | D:4      | Noticed Edmund
  3546 | D:4      | HP: 1/56 [gnoll (3)]
  3546 | D:4      | Slain by a kobold

Illustrated notes

Levels and vault maps discovered:
D:1:      sevenhm_arrival_forest_fort_small_5, layout_basic
D:2:      layout_loops_corners
D:3:      layout_loops_cross, mainiacjoe_overflow_catch_the_wave,
          grunt_ministairs_15, kennysheep_cluttered_room, st_stairs_10,
          chequers_serial_rivers_room_a
D:4:      layout_basic, serial_shops, shop_fountains, uniq_edmund

Skill      XL: |  1  2  3  4  5 |
---------------+----------------+-----
Axes           | 3 4 |  4.9
Fighting       | 4 5 |  5.3
Shields        | 4 |  4.8
Armour         | 4 |  4.8

Action                   |  1- 3 |  4- 6 || total
-------------------------+-------+-------++-------
Melee: War axe           |    76 |   126 ||   202
  Use: Scroll            |     2 |     6 ||     8
       Potion            |     1 |     1 ||     2
Armor: Chain mail        |    29 |    18 ||    47
       Scale mail        |     6 |       ||     6
       Plate armour      |       |    22 ||    22
Dodge: Dodged            |    14 |    18 ||    32
Block: Kite shield       |    57 |   115 ||   172
       Reflection        |       |     3 ||     3
